Map: Traitor's Exile

Players

LightKnight

  • Race: Terran Terran
  • League: Silver
  • Spawn Location: 6:00

FlyingKnee

  • Race: Protoss Protoss
  • League: Platinum
  • Spawn Location: 5:00

Throwfordays - Winner!

  • Race: Protoss Protoss
  • League: Silver
  • Spawn Location: 9:00

Cthulhu - Winner!

  • Race: Zerg Zerg
  • Spawn Location: 12:00

VOD

Have the link to the VOD?

Description

Time

  • Played on: March 5, 2019, 11:36 p.m.
  • Length: 17:41
Show
View Real Time Build Order
Export as new Build Order

LightKnight Terran 

Build Orders:  

Get SALT Encoding   

  12  0:01  SCV  
  13  0:17  Supply Depot  
  13  0:19  SCV  
  14  0:31  SCV  
  15  0:41  Barracks  
  15  0:43  SCV  
  16  0:55  SCV  
  16  0:56  Refinery  
  17  1:07  Supply Depot  
  17  1:08  SCV  
  18  1:20  SCV  
  19  1:32  SCV  
  20  1:33  Marine  
  20  1:37  Barracks  
  21  1:44  SCV  
  21  1:45  Refinery  
  22  1:50  Marine  
  23  1:56  SCV  
  23  2:00  Factory  
  24  2:08  Marine, SCV  
  26  2:16  Supply Depot  
  26  2:25  Orbital Command  
  26  2:26  Marine  
  27  2:30  Barracks Tech Lab  
  27  2:44  Marine  
  27  2:46  Factory Tech Lab  
  28  2:51  Starport  
  28  3:02  Marine  
  29  3:22  Stimpack  
  29  3:24  Command Center  
  29  3:27  Marine  
  30  3:36  Starport Reactor  
  30  3:41  Siege Tank  
  30  3:45  Marine  
  34  3:55  Marine  
  35  4:01  Engineering Bay  
  35  4:03  Marine  
  35  4:09  Supply Depot  
  36  4:15  Medivac  
  38  4:29  Marine  
  38  4:31  Marauder  
  41  4:36  Supply Depot  
  41  4:45  Medivac  
  43  4:52  Marauder  
  45  5:00  SCV  
  45  5:01  Combat Shield  
  46  5:13  Marauder  
  48  5:16  Medivac  
  51  5:24  Orbital Command  
  50  5:30  Terran Infantry Weapons Level 1  
  50  5:31  Marine  
  51  5:51  Marine  
  51  5:52  Marine  
  51  5:54  Siege Tank  
  56  6:04  SCV  
  57  6:07  SCV  
  57  6:09  Marine  
  59  6:11  Supply Depot  
  59  6:16  SCV  
  60  6:18  Supply Depot  
  60  6:20  SCV  
  61  6:28  Marine x2  
  61  6:30  Siege Tank  
  66  6:46  Marine x2  
  59  7:02  Siege Tank  
  59  7:03  Marine  
  59  7:04  Marine  
  61  7:21  Marine x2  
  63  7:26  SCV, Barracks  
  63  7:29  Barracks  
  64  7:34  Refinery, Siege Tank  
  67  7:37  Refinery  
  67  7:38  SCV  
  67  7:39  Marine x2  
  70  7:50  SCV  
  71  7:55  Terran Infantry Armor Level 1  
  71  7:57  Marine  
  71  7:58  Marauder  
  74  8:02  SCV  
  75  8:06  Siege Tank  
  78  8:15  Marine, SCV  
  78  8:18  Marine  
  81  8:22  Marine x2  
  83  8:28  Supply Depot  
  83  8:33  Marine  
  84  8:36  Marine  
  84  8:40  Marine  
  86  8:49  Marine  
  86  8:50  Marine, SCV, Supply Depot  
  86  8:55  Marauder  
  91  8:58  Marine  
  91  9:02  SCV  
  93  9:03  Supply Depot  
  93  9:07  Marine, Command Center  
  94  9:11  Marine  
  94  9:15  Marine, Viking  
  94  9:16  Marauder  
  100  9:20  Supply Depot  
  100  9:25  Marine  
  100  9:26  Supply Depot  
  100  9:29  Marine  
  102  9:37  Marauder  
  104  9:41  Marine  
  104  9:42  Supply Depot  
  104  9:43  Marine  
  106  9:47  Marine  
  106  9:50  Medivac  
  106  9:51  Medivac  
  111  9:55  SCV  
  111  9:59  Marauder  
  114  10:08  SCV  
  115  10:19  Command Center  
  115  10:20  SCV, Marauder  
  118  10:42  Marauder  
  120  10:45  Planetary Fortress  
  120  10:54  Marine x3  
  123  10:59  Armory  
  123  11:03  Marauder  
  125  11:08  Medivac x2  
  129  11:14  Supply Depot  
  129  11:24  Marauder  
  131  11:26  SCV  
  132  11:38  Medivac  
  132  11:39  SCV  
  135  11:44  Missile Turret  
  135  11:48  Factory  
  135  11:49  Marine  
  135  11:50  Marine  
  135  11:51  Marine, SCV, Marauder  
  141  11:56  Thor  
  147  12:03  SCV  
  148  12:09  Planetary Fortress  
  148  12:15  SCV  
  149  12:16  Missile Turret  
  149  12:27  SCV  
  150  12:37  Missile Turret  
  150  12:39  SCV  
  151  12:51  Marine x3, SCV, Marauder  
  153  12:54  Siege Tank  
  160  12:59  SCV  
  160  13:03  SCV, Terran Infantry Weapons Level 2  
  162  13:09  Marine x2  
  162  13:11  SCV  
  162  13:12  Marauder  
  167  13:23  SCV  
  168  13:35  SCV  
  169  13:47  SCV  
  158  14:33  Marine x4  
  158  14:36  Thor  
  153  14:38  Viking  
  153  14:39  Viking  
  156  14:50  Marine  
  156  14:51  Marine x2, Marauder  
  147  15:08  Marine x2, Viking  
  147  15:10  Marine  
  147  15:13  Marauder  
  154  15:19  Thor  
  160  15:26  Marine x2  
  160  15:28  Marine  
  163  15:34  Marauder  
  165  15:44  Marine x2  
  165  15:45  Marine, Viking x2  
  172  16:01  Marauder  
  172  16:02  Marine x2  
  172  16:03  Marine  
  171  16:11  Siege Tank  
  171  16:15  Viking x2  
  165  16:20  Marine x2  
  165  16:21  Marine  
  165  16:22  Marine  
  129  16:38  Marine x2  
  129  16:39  Marine  
  117  16:40  Marine  
  117  16:43  Siege Tank  
  117  16:45  Viking x2  
  109  16:56  Marine x2  
  109  16:57  Marine  
  109  16:58  Marine  
  66  17:14  Marine x2  
  66  17:15  Marine  
  75  17:16  Marine  
Show
View Real Time Build Order
Export as new Build Order

FlyingKnee Protoss 

Build Orders: Phoenix Opening, Carriers, Mass Phoenix 

Get SALT Encoding   

  12  0:01  Probe  
  13  0:18  Pylon  
  13  0:23  Probe  
  14  0:35  Probe  
  15  0:46  Gateway  
  15  0:47  Probe  
  15  0:48  Assimilator  
  16  0:55  Probe  
  16  1:03  Probe  
  17  1:11  Assimilator  
  18  1:13  Probe  
  19  1:25  Probe  
  20  1:34  Cybernetics Core  
  20  1:36  Pylon  
  20  1:37  Probe  
  21  1:45  Pylon  
  21  1:49  Probe  
  22  2:01  Probe  
  23  2:10  Warp Gate  
  23  2:16  Stargate  
  23  2:33  Forge  
  23  2:35  Adept  
  23  2:36  Probe  
  24  2:37  Stargate  
  26  3:01  Adept  
  28  3:17  Phoenix  
  30  3:21  Phoenix  
  30  3:24  Pylon  
  32  3:44  Robotics Facility  
  32  3:53  Phoenix  
  34  4:00  Adept  
  36  4:08  Pylon  
  36  4:12  Pylon  
  36  4:21  Warp Prism  
  36  4:26  Phoenix  
  40  5:10  Phoenix x2  
  44  5:28  Nexus  
  44  5:32  Phoenix x2  
  44  5:35  Nexus  
  48  5:55  Pylon  
  48  6:06  Phoenix x2  
  46  6:53  Probe  
  44  6:59  Probe  
  44  7:01  Probe  
  46  7:06  Phoenix x2  
  51  7:10  Probe  
  51  7:11  Probe  
  53  7:18  Probe  
  54  7:23  Probe  
  54  7:25  Fleet Beacon  
  54  7:26  Probe  
  55  7:31  Assimilator  
  55  7:33  Assimilator  
  55  7:35  Probe  
  57  7:37  Probe  
  57  7:43  Probe  
  58  7:49  Probe  
  58  7:51  Probe  
  61  8:01  Probe x2  
  53  8:18  Probe  
  51  8:26  Probe  
  52  8:29  Pylon  
  53  8:34  Probe  
  53  8:35  Pylon, Probe  
  55  8:46  Probe  
  55  8:47  Probe  
  57  8:49  Photon Cannon  
  57  8:52  Photon Cannon  
  57  8:57  Pylon  
  57  8:58  Probe  
  57  9:00  Carrier, Probe  
  59  9:07  Pylon  
  65  9:10  Probe x2  
  65  9:13  Stargate  
  67  9:18  Probe  
  67  9:20  Probe  
  69  9:25  Assimilator  
  69  9:26  Assimilator  
  69  9:27  Probe  
  69  9:28  Probe  
  70  9:35  Photon Cannon  
  70  9:37  Probe  
  70  9:38  Carrier, Probe  
  73  9:49  Probe x2  
  81  9:58  Probe  
  81  10:01  Probe  
  81  10:06  Probe  
  83  10:08  Carrier  
  84  10:15  Carrier  
  84  10:16  Probe  
  95  10:29  Probe  
  95  10:30  Probe  
  97  10:37  Carrier  
  97  10:41  Probe  
  97  10:42  Probe  
  105  10:53  Probe  
  105  10:54  Probe  
  107  11:30  Carrier x2  
  119  11:40  Photon Cannon  
  119  11:45  Carrier  
  119  11:50  Pylon  
  125  11:55  Protoss Air Weapons Level 1  
  125  11:56  Pylon  
  125  11:59  Pylon  
  125  12:12  Pylon  
  125  12:18  Carrier x2  
  125  12:22  Photon Cannon  
  125  12:27  Photon Cannon  
  137  12:38  Carrier  
  137  12:40  Pylon  
  137  12:43  Pylon  
  143  13:20  Gateway, Carrier x2  
  143  13:22  Gateway  
  143  13:25  Gateway  
  155  13:28  Twilight Council  
  161  13:50  Protoss Air Armor Level 1  
  125  14:16  Tempest x2  
  103  14:26  Tempest  
  106  14:51  Tempest x2  
  106  14:58  Stargate  
  116  15:01  Stargate  
  116  15:08  Tempest  
  121  15:22  Pylon  
  115  15:32  Carrier x2  
  127  15:40  Nexus  
  127  15:43  Tempest  
  127  15:44  Tempest  
  136  15:51  Tempest  
  130  16:26  Tempest  
  130  16:27  Carrier  
  135  16:38  Tempest x2  
Show
View Real Time Build Order
Export as new Build Order

Throwfordays Protoss - Winner!

Build Orders: Nexus First, Carriers 

Get SALT Encoding   

  12  0:01  Probe  
  13  0:13  Probe  
  14  0:25  Probe  
  15  0:48  Nexus  
  15  0:57  Pylon  
  15  1:15  Probe  
  16  1:25  Gateway  
  16  1:27  Probe  
  17  1:38  Gateway  
  17  1:39  Probe  
  18  1:42  Assimilator  
  18  1:51  Probe  
  19  1:56  Forge, Probe  
  20  2:03  Probe  
  20  2:04  Probe  
  21  2:12  Cybernetics Core  
  21  2:14  Probe  
  23  2:26  Probe  
  23  2:28  Warp Gate  
  24  2:35  Photon Cannon  
  24  2:38  Probe  
  24  2:44  Pylon  
  25  2:46  Zealot  
  25  2:50  Probe  
  28  2:52  Zealot  
  30  3:02  Probe  
  30  3:04  Photon Cannon  
  31  3:12  Pylon  
  31  3:15  Probe  
  31  3:16  Pylon  
  32  3:25  Pylon  
  32  3:26  Probe  
  32  3:28  Pylon  
  33  3:34  Probe  
  33  3:38  Stargate  
  34  3:43  Assimilator  
  34  3:44  Probe  
  35  3:52  Photon Cannon  
  35  3:55  Photon Cannon  
  35  4:01  Photon Cannon  
  35  4:06  Probe  
  36  4:18  Photon Cannon, Probe  
  36  4:19  Probe  
  38  4:26  Assimilator  
  38  4:30  Probe  
  38  4:31  Probe  
  40  4:32  Photon Cannon  
  40  4:37  Photon Cannon  
  40  4:42  Assimilator, Probe  
  40  4:43  Probe  
  42  4:46  Photon Cannon  
  42  4:53  Photon Cannon  
  42  4:55  Probe  
  43  5:04  Stalker  
  43  5:07  Stalker, Probe  
  48  5:19  Probe  
  49  5:25  Pylon  
  49  5:31  Probe  
  49  5:32  Forge, Cybernetics Core  
  50  5:36  Fleet Beacon  
  50  5:39  Stargate  
  50  5:43  Probe  
  51  5:53  Pylon  
  51  5:55  Pylon, Probe  
  51  5:57  Pylon, Protoss Shields Level 1  
  52  6:01  Stalker x2  
  56  6:05  Protoss Air Weapons Level 1  
  56  6:07  Probe  
  57  6:22  Probe  
  58  6:29  Stalker x2  
  62  6:48  Twilight Council  
  62  6:50  Protoss Air Armor Level 1  
  62  7:12  Stargate  
  62  7:14  Stargate  
  62  7:27  Blink  
  62  7:30  Probe  
  63  7:48  Nexus  
  63  7:50  Assimilator  
  63  7:54  Pylon  
  63  7:57  Pylon  
  63  8:15  Protoss Shields Level 2  
  63  8:18  Probe  
  64  8:20  Protoss Ground Weapons Level 1  
  64  8:22  Assimilator  
  64  8:26  Photon Cannon  
  64  8:29  Photon Cannon  
  64  8:30  Probe  
  64  8:33  Photon Cannon  
  65  8:35  Protoss Air Weapons Level 2, Photon Cannon  
  65  8:42  Nexus, Probe  
  65  8:44  Pylon  
  65  8:47  Pylon  
  66  8:50  Assimilator  
  66  8:53  Assimilator, Robotics Facility  
  66  8:55  Probe  
  67  9:00  Probe  
  67  9:07  Probe  
  67  9:08  Probe  
  70  9:18  Probe  
  70  9:19  Probe  
  72  9:29  Carrier  
  72  9:30  Probe, Carrier x2  
  72  9:31  Probe  
  92  9:42  Probe, Warp Prism  
  92  9:43  Carrier, Probe  
  102  9:54  Probe  
  102  9:55  Probe  
  102  9:58  Probe  
  105  10:06  Probe  
  106  10:09  Pylon  
  106  10:10  Pylon, Probe  
  106  10:12  Pylon  
  107  10:18  Probe  
  107  10:19  Pylon  
  108  10:22  Probe  
  109  10:30  Probe  
  109  10:32  Probe  
  111  10:40  Probe x2  
  111  10:48  Probe x2  
  113  10:51  Probe  
  113  10:53  Carrier x2  
  128  10:57  Probe  
  128  11:00  Probe  
  128  11:03  Carrier, Probe  
  137  11:09  Probe  
  138  11:12  Probe  
  138  11:14  Carrier  
  138  11:15  Probe  
  146  11:21  Probe  
  146  11:22  Observer  
  148  11:26  Robotics Bay  
  148  11:27  Probe  
  148  11:29  Pylon  
  148  11:31  Protoss Air Weapons Level 3, Pylon  
  149  11:33  Pylon  
  149  11:39  Probe  
  150  11:43  Observer  
  151  11:50  Protoss Shields Level 3  
  151  11:57  Carrier  
  151  11:58  Protoss Air Armor Level 2, Carrier  
  163  12:08  Carrier  
  169  12:23  Carrier  
  175  13:02  Carrier x2  
  187  13:12  Carrier  
  193  13:23  Pylon  
  193  13:25  Nexus  
  193  13:27  Assimilator, Carrier  
  193  13:31  Assimilator  
  180  14:38  Carrier x3  
  198  14:40  Protoss Air Armor Level 3  
Show
View Real Time Build Order
Export as new Build Order

Cthulhu Zerg - Winner!

Build Orders: Hatch First 

Get SALT Encoding   

  12  0:02  Drone  
  13  0:09  Drone  
  14  0:15  Extractor  
  14  0:16  Drone  
  15  0:43  Hatchery  
  15  0:48  Overlord  
  14  1:05  Spawning Pool  
  13  1:13  Drone  
  13  1:14  Drone  
  13  1:16  Extractor  
  14  1:19  Drone  
  15  1:28  Drone  
  16  1:40  Drone  
  17  1:47  Drone  
  18  1:57  Drone  
  19  2:03  Drone  
  19  2:04  Queen  
  19  2:05  Queen  
  24  2:12  Drone x2  
  26  2:22  Drone x2  
  28  2:32  Overlord  
  28  2:49  Lair  
  27  3:15  Evolution Chamber  
  27  3:16  Extractor  
  27  3:19  Drone x4  
  29  3:21  Drone x2  
  31  3:32  Spine Crawler  
  31  3:33  Spine Crawler  
  29  3:34  Spine Crawler  
  29  3:38  Queen  
  30  3:51  Spore Crawler, Drone x2  
  30  3:52  Spore Crawler, Drone  
  31  4:03  Spore Crawler  
  31  4:08  Queen  
  32  4:20  Baneling Nest  
  31  4:26  Zergling x2, Hydralisk Den  
  31  4:27  Metabolic Boost  
  31  4:28  Zergling x4  
  31  4:31  Drone  
  33  5:23  Drone x2  
  33  5:24  Overlord x2  
  33  5:25  Overlord  
  35  5:28  Grooved Spines  
  35  5:31  Centrifical Hooks  
  35  5:40  Extractor  
  35  5:41  Extractor  
  33  5:44  Drone  
  33  5:45  Drone x6  
  33  5:48  Drone  
  33  5:49  Drone  
  42  6:09  Drone x5  
  47  6:19  Zergling x2  
  47  6:20  Zergling x2, Hydralisk x3  
  54  6:33  Zergling x2  
  54  6:34  Zergling x8  
  59  6:40  Muscular Augments  
  45  7:11  Drone  
  45  7:12  Drone x8  
  54  7:15  Spore Crawler  
  54  7:16  Spore Crawler  
  54  7:20  Zerg Ground Armor Level 1  
  52  7:38  Spore Crawler  
  52  7:39  Hydralisk  
  52  7:40  Hydralisk x2  
  52  7:42  Zergling x6  
  60  7:45  Overlord  
  55  8:49  Infestation Pit  
  55  8:51  Overlord x2  
  55  8:53  Overlord x3  
  54  9:10  Queen x2  
  54  9:11  Overseer  
  58  9:22  Drone x2  
  58  9:23  Drone  
  61  9:24  Zergling x4  
  63  9:33  Zerg Missile Weapons Level 1  
  63  10:25  Zergling x2  
  63  10:26  Zergling x8  
  63  10:27  Overlord x2  
  63  10:28  Overlord x7  
  68  10:43  Hatchery  
  67  10:51  Hatchery  
  67  10:56  Hive  
  66  10:57  Burrow  
  66  11:00  Hatchery  
  65  11:08  Hydralisk x8  
  81  11:34  Drone  
  81  11:35  Drone x6  
  86  12:07  Adrenal Glands  
  81  12:10  Zerg Melee Weapons Level 1  
  81  12:16  Evolution Chamber  
  81  12:17  Evolution Chamber  
  79  12:32  Drone x9  
  79  12:33  Drone x8  
  79  12:36  Overlord  
  96  12:44  Zerg Missile Weapons Level 2  
  96  12:58  Overlord x4  
  96  13:16  Drone x3  
  96  13:17  Drone x3  
  96  13:19  Drone x3  
  105  13:21  Overseer  
  105  13:23  Pneumatized Carapace  
  105  13:36  Zergling x20  
  105  13:37  Zergling x10  
  120  13:43  Spire  
  98  14:03  Zerg Ground Armor Level 2  
  84  14:18  Hydralisk  
  84  14:19  Hydralisk x12  
  95  14:43  Hydralisk  
  95  14:44  Hydralisk x7  
  106  14:53  Drone  
  106  14:55  Drone  
  102  15:01  Greater Spire  
  102  15:03  Zerg Melee Weapons Level 2  
  102  15:32  Zergling x2  
  102  15:33  Zergling x34  
  85  16:39  Mutalisk  
  66  16:40  Mutalisk x11  
  66  16:41  Mutalisk x10  
  109  16:49  Queen  
  109  16:50  Queen x3  
Tags
 
Add a new tag
Caveats
  • Supply blocks, unpowered buildings, or Contaminate may cause inaccurate times.
  • Supply counts are checked every 10 seconds.